 Dungeon Crawl Stone Soup version 0.30-a0-424-g7412bad402 (webtiles) character file.

Game seed: 13810755099700166322

26 McMuffin the Ducker (level 2, 0/19 HPs)
             Began as a Demonspawn Wanderer on Dec 9, 2022.
             Succumbed to an adder's poison
             ... on level 2 of the Dungeon.
             The game lasted 00:06:08 (583 turns).

McMuffin the Ducker (Demonspawn Wanderer)            Turns: 583, Time: 00:06:09

Health: 0/19       AC:  6    Str: 11    XL:     2   Next: 89%
Magic:  3/3        EV: 13    Int: 13    God:
Gold:   38         SH:  0    Dex: 13    Spells: 3/3 levels left

rFire   . . .      SeeInvis .    a - +0 hand axe
rCold   . . .      Faith    .    (no shield)
rNeg    . . .      Spirit   .    c - +0 leather armour
rPois   .          Reflect  .    (no helmet)
rElec   .          Harm     .    (no cloak)
rCorr   .          Rampage  .    (no gloves)
Will    .....                    h - +0 pair of boots
Stlth   +.........               (no amulet)
HPRegen 0.23/turn                (no ring)
MPRegen 0.08/turn                (no ring)

@: lethally poisoned (0 -> -4)
A: molten scales 1
a: no special abilities


You were on level 2 of the Dungeon.
You visited 1 branch of the dungeon, and saw 2 of its levels.

You collected 58 gold pieces.
You spent 20 gold pieces at shops.

Inventory:

Hand Weapons
 a - a +0 hand axe (weapon)
 e - a +0 dagger
Missiles
 d - 7 boomerangs (quivered)
Armour
 c - a +0 leather armour (worn)
 h - a +0 pair of boots (worn)
Scrolls
 g - 2 scrolls of teleportation
 j - a scroll of enchant armour {unknown}
Potions
 f - a potion of lignification


   Skills:
 + Level 1.2 Axes
 + Level 1.4 Throwing
 + Level 0.1 Armour
 + Level 5.0 Dodging
 + Level 1.0 Stealth
 + Level 1.0 Spellcasting
 + Level 1.2 Invocations


You had 3 spell levels left.
You didn't know any spells.
Your spell library contained the following spells:

 Spells                   Type           Power      Damage    Failure   Level
 Summon Guardian Golem    Hex/Summ       0%         N/A       73%         3
 Orb of Destruction       Conj           0%         9d5       100%        7
 Spellforged Servitor     Conj/Summ      0%         N/A       100%        7


Dungeon Overview and Level Annotations

Branches:
Dungeon (2/15)

Altars:

Shops:
D:1 (?


Innate Abilities, Weirdness & Mutations

You are partially covered in molten scales. (AC +2)


Message History

You throw a boomerang. The boomerang closely misses the adder.
The adder closely misses you.
Unknown command.
You miss the adder.
The adder is severely wounded.
The adder bites you. x2
You barely miss the adder.
The adder is severely wounded.
The adder bites you. The adder bites you but does no damage.
You barely miss the adder.
The adder is severely wounded.
The adder bites you.
You are poisoned.
The adder poisons you!
You barely miss the adder.
The adder is severely wounded.
You feel sick. The adder bites you but does no damage.
The adder barely misses you.
You miss the adder.
The adder is severely wounded.
You feel sick. The adder bites you but does no damage. The adder bites you.
You are lethally poisoned!
The adder poisons you!
You miss the adder.
The adder is severely wounded.
* * * LOW HITPOINT WARNING * * *
You feel sick. The adder bites you but does no damage.
You closely miss the adder.
The adder is severely wounded.
* * * LOW HITPOINT WARNING * * *
You feel sick. The adder barely misses you.
The adder bites you but does no damage.
You hit the adder but do no damage.
The adder is severely wounded.
* * * LOW HITPOINT WARNING * * *
You feel sick. The adder bites you but does no damage. The adder bites you.
* * * LOW HITPOINT WARNING * * *
You barely miss the adder.
The adder is severely wounded.
You die...

###. #.# .###### ....###
#.# #.......# .....# #.#
#.......# ###.#.####.###
#.......# ...........(.
........+
.......###.#####.......#
.......................#
................S......#
###..#.#....####@######
#.....#....# #.#
##††##.#..........
...†##.#....####.##
.......#....# #..
....##.#....# #..
#...##.#....# #..
#...##.# #$.# #.......


You could see an adder.

Vanquished Creatures
  An adder (D:2)
  A ball python (D:1)
  A giant cockroach (D:1)
  A goblin (D:1)
  2 hobgoblins
  A quokka (D:1)
  3 bats (D:1)
  3 frilled lizards (D:1)
  3 kobolds (D:1)
  3 rats
19 creatures vanquished.

Notes
Turn   | Place    | Note
-------+----------+-------------------------------------------
     0 | D:1      | McMuffin the Demonspawn Wanderer began the quest for the
                  | Orb.
     0 | D:1      | McMuffin set off with the following items: a +0 hand axe, 3
                  | throwing nets, a +0 leather armour, 9 boomerangs, a +0
                  | dagger, a potion of lignification.
     0 | D:1      | Reached XP level 1. HP: 13/13 MP: 2/2
   183 | D:1      | Gained mutation: You are partially covered in molten
                  | scales. (AC +2) [demonic ancestry]
   183 | D:1      | Reached XP level 2. HP: 19/19 MP: 3/3
   202 | D:1      | Found Usuh's Antique Weapon Shoppe.
   241 | D:1      | Found a faded altar of an unknown god.
   315 | D:1      | Found Mazoitas's Magic Scroll Shop.
   352 | D:1      | Bought a scroll of identify for 20 gold pieces
   547 | D:2      | Reached skill level 5 in Dodging
   583 | D:2      | Succumbed to an adder's poison

Illustrated notes

Levels and vault maps discovered:
D:1:      dpeg_arrival_rooms_c, layout_rooms, serial_shops, nicolae_shop_trees,
          nicolae_shop_waterfront, serial_glass, glass_columns_a,
          glass_columns_b, ebering_ecumenical_altar_hall, minmay_tromino_v4_c
D:2:      layout_basic

Skill      XL: |  1  2 |
---------------+-------+-----
Dodging        | 5 |  5.0
Axes           | |  1.2
Throwing       | |  1.4
Armour         | |  0.1
Stealth        | |  1.0
Spellcasting   | |  1.0
Invocations    | |  1.2

Action                   || total
-------------------------++-------
Melee: Hand axe          ||    45
Throw: Boomerang         ||    37
       Throwing net      ||     9
  Use: Potion            ||     2
       Scroll            ||     1
Armor: Leather armour    ||    18
Dodge: Dodged            ||    41

Table legend: (Time is in decaauts)
 A = Elapsed time spent in this place.
 B = Non-inter-level travel time spent in this place.
 C = Inter-level travel time spent in this place.
 D = Time resting spent in this place.
 E = Time spent auto-exploring this place.
 F = Levels seen in this place.
 G = Mean time per level.
                   A        B        C        D        E       F      G
               +--------+--------+--------+--------+--------+-----+--------+
         Total |    602 |    602 |      0 |      0 |      0 |   2 |  301.0 |
       Dungeon |    602 |    602 |      0 |      0 |      0 |   2 |  301.0 |
               +--------+--------+--------+--------+--------+-----+--------+

Top non-repeatable levels by time:
     D:1: 529 daAuts
     D:2: 73 daAuts
